 Dungeon Crawl Stone Soup version 0.31.0-11-ge490571c62 (webtiles) character file.

Game seed: 10476893212444718411

11 Inchmeat the Ruffian (level 2, 0/23 HPs)
             Began as a Djinni Shapeshifter on Feb 9, 2024.
             Slain by a quokka (5 damage)
             ... on level 1 of the Dungeon.
             The game lasted 00:03:40 (482 turns).

Inchmeat the Ruffian (Djinni Shapeshifter)           Turns: 482, Time: 00:03:40

Health: 0/23       AC:  2    Str: 13    XL:     2   Next: 40%
Gold:   26         EV: 12    Int: 11    God:
                   SH:  0    Dex: 12

rFire   + + .        e - +0 mace
rCold   x . .        (no shield)
rNeg    . . .        a - +0 animal skin
rPois   ∞            (helmet currently unavailable)
rElec   .            (cloak currently unavailable)
rCorr   .            (gloves currently unavailable)
SInv    .            (boots unavailable)
Will    .....        (no amulet)
Stlth   +            (no ring)
HPRegen 0.23/turn    (no ring)
MPRegen 0.00/turn

%: infuse magic (-1 HP)
@: beast-form, flying
A: beast (slay +1), flying, sickness immunity, fire resistance 2, cold
vulnerability 1, float, innate caster, HP casting, extra vitality 1
a: Begin Untransformation


You were on level 1 of the Dungeon.
You were a hulking beast.
You visited 1 branch of the dungeon, and saw 1 of its levels.

You collected 26 gold pieces.

Inventory:

Hand Weapons
 e - a +0 mace (weapon)
Armour
 a - a +0 animal skin (worn)
Talismans
 c - a beast talisman
 d - a flux talisman
Scrolls
 f - a scroll of blinking {unknown}
 g - a scroll of noise {unknown}
 h - a scroll of identify {unknown}
Potions
 b - a potion of lignification


   Skills:
 * Level 1.7 Fighting
 - Level 2.1 Dodging
 - Level 3.0 Unarmed Combat
 * Level 3.0 Shapeshifting You didn't know any spells. Your spell library was empty.

Dungeon Overview and Level Annotations

Branches:
Dungeon (1/15)

Altars:


Innate Abilities, Weirdness & Mutations

You are a hulking beast.
Your limbs bulge with bestial killing power. (Slay +1)
You are flying.
You are immune to sickness and miasma.
You are immune to poison.
Your flesh is very heat resistant. (rF++)
You are vulnerable to cold. (rC-)
You float through the air rather than walking.
You learn spells naturally, not from books.
Your magical power is your life essence.
You have superior vitality. (+4 MHP)


Message History

You hit the quokka.
The quokka is lightly wounded.
The quokka barely misses you. The quokka bites you.
You take 4 damage, and have 12/23 hp.
You are too injured to fight recklessly!
You are too injured to fight recklessly!
You are too injured to fight recklessly!
You are too injured to fight recklessly!
You are too injured to fight recklessly!
You are too injured to fight recklessly!
You closely miss the quokka.
The quokka is lightly wounded.
The quokka bites you. x2
You take 4 damage, and have 8/23 hp.
You barely miss the quokka. The quokka closely misses you.
The quokka bites you.
You take 2 damage, and have 7/23 hp.
You closely miss the quokka. The quokka barely misses you.
You hit the quokka.
The quokka is lightly wounded.
The quokka barely misses you. x2
You barely miss the quokka.
The quokka is lightly wounded.
The quokka barely misses you. The quokka bites you.
* * * LOW HITPOINT WARNING * * *
You take 2 damage, and have 5/23 hp.
You barely miss the quokka. Your punch misses the quokka.
The quokka is lightly wounded.
The quokka bites you.
* * * LOW HITPOINT WARNING * * *
You take 1 damage, and have 4/23 hp.
The quokka bites you.
* * * LOW HITPOINT WARNING * * *
You take 2 damage, and have 2/23 hp.
The quokka attacks as it pursues you! The quokka misses you.
The quokka barely misses you. The quokka misses you.
The quokka attacks as it pursues you! The quokka completely misses you.
The quokka bites you.
You die...

#...#....#
#.#.#.#....#
####.###.#....#
#........# ...#
######.......## ...#
.....+.....>..# ..#
#.##.#........##'#.#
#.##.#.)r.†.......
#.##.###h..#####+#
#.##.#.....###
#.#...........'
#..†...#...####
##.##.........#
#..##.......#...
#..##...........
##..##...........
#...##..........


You could see a quokka.

Vanquished Creatures
  A bat (D:1)
  2 endoplasms (D:1)
  A hobgoblin (D:1)
  2 kobolds (D:1)
  2 ball pythons (D:1)
  A frilled lizard (D:1)
  2 rats (D:1)
11 creatures vanquished.

Notes
Turn   | Place    | Note
-------+----------+-------------------------------------------
     0 | D:1      | Inchmeat the Djinni Shapeshifter began the quest for the
                  | Orb.
     0 | D:1      | Reached XP level 1. HP: 17/17 MP: 0/0
   286 | D:1      | Lhightning: Which class did you take?
   286 | D:1      | Reached XP level 2. HP: 21/22 MP: 0/0
   482 | D:1      | Slain by a quokka

Illustrated notes

Levels and vault maps discovered:
D:1:      co_arrival_random_square_maze, layout_basic

Skill      XL: |  1  2 |
---------------+-------+-----
Shapeshifting  | 3 |  3.0
Fighting       | |  1.7
Dodging        | |  2.1
Unarmed Combat | |  3.0

Action                     || total
---------------------------++-------
  Melee: Mace              ||    34
 Armour: Animal skin       ||    24
  Dodge: Dodged            ||    29
